 Dungeon Crawl Stone Soup version 0.22-a0-542-gce4f928 (webtiles) character file.

107 kae the Insei (level 4, -1/33 HPs)
             Began as a Demonspawn Transmuter on June 24, 2018.
             Slain by Grinder (3 damage)
             ... on level 3 of the Dungeon.
             The game lasted 00:01:24 (1989 turns).

kae the Insei (Demonspawn Transmuter)               Turns: 1989, Time: 00:01:25

Health: -1/33      AC:  5    Str: 10    XL:     4   Next: 57%
Magic:  5/7        EV: 12    Int: 15    God:
Gold:   157        SH:  0    Dex: 14    Spells: 2/8 levels left

rFire    . . .     SeeInvis .     - Unarmed
rCold    . . .     Gourm    .   (no shield)
rNeg     . . .     Faith    .   b - +0 robe
rPois    .         Spirit   .   (no helmet)
rElec    .         Reflect  .   i - +0 cloak
rCorr    .         Harm     .   (no gloves)
MR       .....                  (no boots)
Stlth    +.........             (no amulet)
HPRegen  0.11/turn              (no ring)
MPRegen  0.10/turn              (no ring)

@: no status effects
A: talons 1, iridescent scales 1, spiny 1
a: no special abilities


You were on level 3 of the Dungeon.
You were hungry.

You visited 1 branch of the dungeon, and saw 3 of its levels.

You collected 157 gold pieces.

Inventory:

Missiles
 a - 19 arrows
Armour
 b - a +0 robe (worn)
 i - a +0 cloak (worn)
Jewellery
 n - a cursed amulet of inaccuracy {unknown}
 o - an uncursed amulet of faith {unknown}
 p - a +4 ring of strength {unknown}
 q - an uncursed amulet of regeneration {unknown}
Scrolls
 e - a scroll of magic mapping {unknown}
 f - 2 scrolls of identify {unknown}
 g - 3 scrolls of teleportation {unknown}
 j - 3 scrolls of remove curse {unknown}
 m - a scroll of amnesia {unknown}
 r - a scroll of blinking {unknown}
Potions
 c - a potion of flight {unknown}
 h - a potion of lignification {unknown}
 k - a potion of curing {unknown}
 l - a potion of degeneration {unknown}
Comestibles
 d - 3 rations


   Skills:
 + Level 1.9 Fighting
 - Level 1.7 Dodging
 * Level 3.5 Unarmed Combat
 + Level 2.5 Spellcasting
 * Level 2.9 Transmutations


You had 2 spell levels left.
You knew the following spells:

 Your Spells              Type           Power        Failure   Level  Hunger
a - Beastly Appendage     Tmut           ##....       6%          1    #......
b - Sticks to Snakes      Tmut           ##......     10%         2    ###....
c - Spider Form           Tmut/Pois      #.........   34%         3    ###....

Your spell library contained the following spells:

 Spells                   Type           Power        Failure   Level  Hunger
 Blade Hands              Tmut           ##........   86%         5    ######.
 Ice Form                 Ice/Tmut       #.......     75%         4    #####..


Dungeon Overview and Level Annotations

Branches:
Dungeon (3/15)

Altars:
Ashenzari

Annotations:
D:3 exclusion: orc priest, Grinder


Innate Abilities, Weirdness & Mutations

You have sharp toenails.
You are partially covered in iridescent scales. (AC +2)
You are partially covered in sharp spines.


Message History

Grinder hits you.
You writhe in agony.
You hit Grinder but do no damage.
Grinder looks as sick as possible!
Grinder is moderately wounded.
Grinder hits you.
You hit Grinder.
Grinder is heavily wounded.
Grinder hits you.
* * * LOW HITPOINT WARNING * * *
You closely miss Grinder.
Grinder is heavily wounded.
Grinder gestures at you. You resist with significant effort.
You hit Grinder.
Grinder is severely wounded.
Your transformation has ended.
Your +0 cloak unmelds from your body.
Your +0 robe unmelds from your body.
Grinder hits you!
* * * LOW HITPOINT WARNING * * *
You writhe in agony.
You die...

............#
#....#......#
#....#.(....#
#....#.......
#....#.##.#.#
#....#.##..†#
#..[.#.##.))#
#######....#.##....
#.@...'............
#5#####..>.#....#..
#. #############.†
#. #..............
#. #.##########..#
#. #.# #..# #.
#.##### #..# #.
#....<# #...
####### #..#


You could see Grinder.

Vanquished Creatures
  Terence (D:2)
  2 adders
  2 dart slugs
  3 leopard geckos
  5 orcs (D:3)
  A ball python (D:2)
  2 bats (D:1)
  A giant cockroach (D:1)
  6 goblins
  3 hobgoblins
  4 kobolds
  A frilled lizard (D:1)
  4 rats
35 creatures vanquished.

Vanquished Creatures (collateral kills)
  2 adders (D:2)
  An orc (D:3)
3 creatures vanquished.

Grand Total: 38 creatures vanquished

Notes
Turn   | Place    | Note
-------+----------+-------------------------------------------
     0 | D:1      | kae the Demonspawn Transmuter began the quest for the Orb.
     0 | D:1      | Reached XP level 1. HP: 15/15 MP: 3/3
   365 | D:1      | Gained mutation: You are partially covered in sharp spines. [demonic ancestry]
   365 | D:1      | Reached XP level 2. HP: 19/21 MP: 3/5
   454 | D:1      | Reached skill level 3 in Unarmed Combat
   812 | D:2      | Gained mutation: You are partially covered in iridescent scales. (AC +2) [demonic ancestry]
   812 | D:2      | Reached XP level 3. HP: 24/26 MP: 4/6
   880 | D:2      | Learned a level 2 spell: Sticks to Snakes
   898 | D:2      | Learned a level 3 spell: Spider Form
  1149 | D:2      | Noticed Terence
  1159 | D:2      | Killed Terence
  1194 | D:2      | Gained mutation: You have sharp toenails. [demonic ancestry]
  1194 | D:2      | Reached XP level 4. HP: 33/33 MP: 4/7
  1919 | D:3      | Found a shattered altar of Ashenzari.
  1971 | D:3      | Noticed Grinder
  1971 | D:3      | Paralysed by Grinder for 5 turns
  1989 | D:3      | Slain by Grinder

Vault maps used:
D:1:      lightli_molten_gateway
D:2:      uniq_terence
D:3:      kiku_gazebo_pond_becter, gammafunk_temple_overflow_pools,
          cheibrodos_ashenzari_chains, uniq_robin, uniq_grinder

Skill      XL: |  1  2 |
---------------+-------+-----
Transmutations | 2 |  2.9
Unarmed Combat | 3 |  3.5
Fighting       | |  1.9
Dodging        | |  1.7
Spellcasting   | |  2.5

Action                   |  1- 3 |  4- 6 || total
-------------------------+-------+-------++-------
Melee: Unarmed           |    54 |    58 ||   112
       Kick              |     4 |     9 ||    13
       Headbutt          |     2 |     2 ||     4
       Punch             |     1 |     1 ||     2
 Cast: Beastly Appendage |     9 |     1 ||    10
       Sticks to Snakes  |     4 |     2 ||     6
       Spider Form       |     1 |     2 ||     3
  Eat: Chunk             |     1 |     3 ||     4
Armor: Robe              |    16 |    11 ||    27
Dodge: Dodged            |    34 |    24 ||    58

Table legend:
 A = Spawn XP
 B = Non-spawn XP
 C = Spawn XP percentage of total XP
 D = Spawn monster count
 E = Non-spawn monster count
 F = Spawn count percentage of total count
 G = Total turns spent on level
                    A         B        C        D         E        F      G
               +---------+---------+-------+---------+---------+-------+---------
         Total |       0 |     154 |   0.0 |       0 |      38 |   0.0 |  1989
               +---------+---------+-------+---------+---------+-------+---------
           D:1 |       0 |      27 |   0.0 |       0 |      13 |   0.0 |   787
           D:2 |       0 |      91 |   0.0 |       0 |      15 |   0.0 |   723
           D:3 |       0 |      36 |   0.0 |       0 |      10 |   0.0 |   479
               +---------+---------+-------+---------+---------+-------+---------
